 Dungeon Crawl Stone Soup version 0.17-a0-1481-gfdcec5c (webtiles) character file.

79 Fluffy the Vexing (level 4, -14/33 HPs)
             Began as a Vampire Enchanter on July 4, 2015.
             Demolished by a crimson imp
             ... wielding a +2 dagger of chaos
              (19 damage)
             ... while paralysed by a crimson imp
             ... on level 3 of the Dungeon.
             The game lasted 00:07:03 (3288 turns).

Fluffy the Vexing (Vampire Enchanter)               Turns: 3288, Time: 00:07:04

Health: -14/33     AC:  8    Str:  8    XL:     4   Next: 16%
Magic:  7/7        EV:  2    Int: 17    God:
Gold:   143        SH:  0    Dex: 14    Spells: 1 memorised, 6 levels left

rFire  + . .     SeeInvis +     a - +1 dagger
rCold  + . .     Clarity  .     o - +0 ring mail
rNeg   + + .     SustAt   .     (no shield)
rPois  +         Gourm    .     (no helmet)
rElec  .         Spirit   .     f - +2 cloak
rCorr  .         Warding  .     (no gloves)
rMut   .         Stasis   .     (no boots)
MR     .....                    (no amulet)
Stlth  ++........               (no ring)
                                m - ring of protection from fire

@: paralysed, very slightly contaminated, regenerating slowly, slowed,
invisible, not resistant to hostile enchantments, unstealthy
A: fangs 3, see invisible, unbreathing
a: Bat Form


You were on level 3 of the Dungeon.
You were very thirsty.

You visited 1 branch of the dungeon, and saw 3 of its levels.

You collected 143 gold pieces.

Inventory:

Hand weapons
 a - a +1 dagger (weapon)
Armour
 f - a +2 cloak (worn)
 o - a +0 ring mail (worn)
Jewellery
 m - a ring of protection from fire (left hand)
Scrolls
 h - 2 scrolls of remove curse
Potions
 g - a potion of heal wounds {unknown}
 l - 2 potions of invisibility {unknown}
 n - 3 potions of agility {unknown}
 p - a potion of magic {unknown}
Books
 b - a book of Beasts

   Spells                             Type                      Level
   a - Summon Butterflies             Summoning                    1
   b - Call Canine Familiar           Summoning                    3
   c - Summon Ice Beast               Ice/Summoning                4
   d - Summon Mana Viper              Hexes/Summoning              5
   e - Summon Hydra                   Summoning                    7
 c - a book of Maledictions

   Spells                             Type                      Level
   a - Corona                         Hexes                        1
   b - Ensorcelled Hibernation        Hexes/Ice                    2
   c - Confuse                        Hexes                        3
   d - Tukima's Dance                 Hexes                        3
   e - Dazzling Spray                 Conjuration/Hexes            3


   Skills:
 + Level 1.7 Fighting
 - Level 1.1 Short Blades
 + Level 1.6 Armour
 + Level 3.3 Dodging
 - Level 4.4 Stealth
 - Level 2.0 Spellcasting
 - Level 4.4 Hexes


You had 6 spell levels left.
You knew the following spells:

 Your Spells              Type           Power        Failure   Level  Hunger
a - Corona                Hex            ###....      12%         1    #......


Dungeon Overview and Level Annotations

Branches:
Dungeon (3/15)

Altars:
Cheibriados
Fedhas
Okawaru
Xom


Innate Abilities, Weirdness & Mutations

You heal slowly.
You have razor-sharp teeth.
You have supernaturally acute eyesight.
You can survive without breathing.


Message History

The crimson imp blinks!
The crimson imp blinks!
You are too injured to fight recklessly!
You are too injured to fight recklessly!
You are too injured to fight recklessly!
The crimson imp hits you but does no damage.
You feel yourself slow down.
You see here a beef jerky.
You hit the crimson imp.
You bite the crimson imp, but do no damage.
The crimson imp is lightly wounded.
The crimson imp hits you but does no damage.
You suddenly lose the ability to move!
The crimson imp hits you but does no damage.
You fade into invisibility!
You are very lightly contaminated with residual magic.
The crimson imp hits you but does no damage. x2
You are electrocuted!
Ouch! That really hurt!
You die...

# #####..# .# #......#
#.# #......# ..#
#.....># ..# #......#
..# #......########
..# #####.........#
..# #.........# ..#
#....@....# ..#
#....5....# ..#
#######....(....# #.#
#...............# .#
#...............#
#+####......#'########
#....'......+.#
#..###......### #..#
#..(...#


You could see a crimson imp.

Vanquished Creatures
  A gnoll (D:3)
  An adder (D:3)
  2 worms (D:2)
  A giant gecko (D:1)
  An orc (D:3)
  5 giant cockroaches
  7 goblins
  4 hobgoblins
  3 jackals (D:2)
  5 kobolds
  A quokka (D:3)
  2 ball pythons (D:1)
  8 bats
  A giant newt (D:3)
  5 rats
47 creatures vanquished.

Notes
Turn   | Place    | Note
--------------------------------------------------------------
     0 | D:1      | Fluffy the Vampire Enchanter began the quest for the Orb.
     0 | D:1      | Reached XP level 1. HP: 13/13 MP: 3/3
   116 | D:1      | Reached XP level 2. HP: 8/20 MP: 5/5
   367 | D:1      | Reached skill level 1 in Fighting
   968 | D:1      | Reached skill level 1 in Armour
  1218 | D:2      | Reached XP level 3. HP: 26/26 MP: 6/6
  1336 | D:2      | Found an iron altar of Okawaru.
  1336 | D:2      | Found a blossoming altar of Fedhas.
  1337 | D:2      | Found a snail-covered altar of Cheibriados.
  2518 | D:3      | Reached XP level 4. HP: 18/33 MP: 7/7
  3122 | D:3      | Found a shimmering altar of Xom.
  3285 | D:3      | Paralysed by a crimson imp for 6 turns
  3288 | D:3      | Demolished by a crimson imp

Vault maps used:
D:1:      minmay_arrival_shattered_statue, minmay_misc_feat_x,
          corexii_hall_statues_l, minmay_distorted
D:2:      gammafunk_temple_overflow_claw
D:3:      led_xom_imps, uniq_grinder

Action                   |  1- 3 |  4- 6 || total
-------------------------+-------+-------++-------
Melee: Dagger            |   139 |    79 ||   218
  Use: Scroll            |     7 |       ||     7
 Stab: Sleeping          |    16 |     1 ||    17
  Eat: Corpse            |       |     1 ||     1
